cohdb
Replays
Latest Replays
All Replays
Popular Replays
Top Player Replays
Match Explorer
How It Works
Community
CoH3 Stats
Reddit
Sign in to upload your games and track your stats! →
Sign in with Steam
Match 42876863
Unlisted
Match 42876863
Overview
Messages
Build Orders
End
Construct Infanterie Kompanie
Grenadier Squad
Grenadier Squad
Sniper
Grenadier Squad
Medical Station
Construct Panzergrenadier Kompanie
Panzergrenadier Squad
Construct Panzer Kompanie
Pioneer Squad
Panzer IV Medium Tank
Selects Breakthrough Battlegroup
Selects Rapid Production
Selects Blitzkrieg
Panzer IV Medium Tank
Pioneer Squad
Panzer IV Medium Tank
MG 42 Bunker
Panzer IV Medium Tank
Королева PizdаliSov
Sanchorus
Austro
Random_Target
just a chill world leader ♡
Mace
0
0
Comments
sign in to comment!
No comments posted yet!